 Dungeon Crawl Stone Soup version 0.32-a0-913-g739538afd8 (webtiles) character file.

Game seed: 1383331609095390438

28 bronco the Chopper (level 2, 0/26 HPs)
             Began as a Mountain Dwarf Monk on Apr 9, 2024.
             Slain by a gnoll
             ... wielding a +0 spear
              (7 damage)
             ... on level 2 of the Dungeon.
             The game lasted 00:01:02 (784 turns).

bronco the Chopper (Mountain Dwarf Monk)             Turns: 784, Time: 00:01:03

Health: 0/26       AC:  8    Str: 13    XL:     2   Next: 96%
Magic:  2/2        EV:  5    Int: 10    God:
Gold:   46         SH:  0    Dex: 12    Spells: 1/1 levels left

rFire   . . .        a - +0 hand axe
rCold   . . .        d - orb {light}
rNeg    . . .        i - +0 chain mail
rPois   .            (no helmet)
rElec   .            (no cloak)
rCorr   .            (no gloves)
SInv    .            (no boots)
Will    .....        (no amulet) Stlth
                     (no ring)
HPRegen 0.24/turn    (no ring)
MPRegen 0.08/turn

%: no passive effects
@: glowing
A: runic magic, artefact enchanting
a: no special abilities


You were on level 2 of the Dungeon.
You visited 1 branch of the dungeon, and saw 2 of its levels.

You collected 46 gold pieces.

Inventory:

Hand Weapons
 a - a +0 hand axe (weapon)
Missiles
 j - 5 stones (quivered)
 l - 6 boomerangs
Armour
 b - a +0 robe
 d - an orb of light (worn)
 i - a +0 chain mail (worn)
Magical Staves
 e - a staff of cold
Scrolls
 f - a scroll of identify
 g - a scroll of amnesia {unknown}
Potions
 c - a potion of ambrosia
 h - a potion of might {unknown}
 k - a potion of invisibility {unknown}


   Skills:
 - Level 3.2 Fighting
 + Level 5.1 Axes
 - Level 2.1 Dodging


You had one spell level left.
You didn't know any spells.
Your spell library contained the following spells:

 Spells                   Type           Power      Damage    Failure   Level
 Sandblast                Erth           0%         2d4       63%         1
 Stone Arrow              Conj/Erth      0%         3d7       94%         3
 Brom's Barrelling Bould  Conj/Erth      0%         2d3       100%        4


Dungeon Overview and Level Annotations

Branches:
Dungeon (2/15)

Altars:

Shops:
D:1 [


Innate Abilities, Weirdness & Mutations

Your spellcasting is much less encumbered by armour.
You can use scrolls of enchantment on lesser artefacts.


Message History

Things that are here:
a +0 whip; a gnoll corpse
Found a dagger.
A giant cockroach comes into view.
No target in view!
No target in view!
No target in view!
A giant cockroach is nearby!
The giant cockroach bites you but does no damage. x2
You hit the giant cockroach.
You kill the giant cockroach!
No target in view!
No target in view!
No target in view!
No target in view!
You see here a giant cockroach corpse.
You see here a flux talisman.
Done exploring.
Done exploring.
Done exploring.
Done exploring.
Done exploring.
Done exploring.
There is a stone staircase leading down here.
You climb downwards.
There is a stone staircase leading up here.
You open the door.
A gnoll comes into view.
It is wielding a +2 whip of electrocution. 2 gnolls and a bat come into view.
The gnoll shouts! x2; You hear a shout!
The gnoll hits you but does no damage.
There is an open door here.
You barely miss the gnoll.
A gnoll comes into view. It is wielding a +0 flail.
The gnoll hits you with a +2 whip of electrocution.
You are electrocuted!
Ouch! That really hurt!
* * * LOW HITPOINT WARNING * * *
The gnoll hits you from afar with a +0 spear!
You die...

##+#######
#...##...##
+.♣....♣.<#
#...##...##
##@#######
#g#


.gg #.♣b# #g .# ## ## You could see 4 gnolls and a bat.

Vanquished Creatures
  A gnoll (D:1)
  A dart slug (D:1)
  5 endoplasms (D:1)
  3 giant cockroaches (D:1)
  A kobold (D:1)
  2 bats (D:1)
  A frilled lizard (D:1)
14 creatures vanquished.

Notes
Turn   | Place    | Note
-------+----------+-------------------------------------------
     0 | D:1      | bronco the Mountain Dwarf Monk began the quest for the Orb.
     0 | D:1      | Reached XP level 1. HP: 19/19 MP: 1/1
    74 | D:1      | Reached skill level 4 in Axes
   318 | D:1      | Reached XP level 2. HP: 26/26 MP: 2/2
   511 | D:1      | Reached skill level 5 in Axes
   567 | D:1      | Found Yxkyblamp's Antique Armour Shoppe.
   784 | D:2      | Slain by a gnoll

Illustrated notes

Levels and vault maps discovered:
D:1:      lemuel_arrival_broad_hall, layout_basic, serial_shops, shop_statue
D:2:      layout_loops_cross, serial_shops, nicolae_shop_trees, shop, shop,
          shop, grunt_ministairs_5

Skill      XL: |  1  2 |
---------------+-------+-----
Axes           | 4 5 |  5.1
Fighting       | |  3.2
Dodging        | |  2.1

Action                     || total
---------------------------++-------
  Melee: Hand axe          ||    36
    Use: Scroll            ||     1
 Armour: Robe              ||     8
         Chain mail        ||    14
  Dodge: Dodged            ||    15

Table legend: (Time is in decaauts)
 A = Elapsed time spent in this place.
 B = Non-inter-level travel time spent in this place.
 C = Inter-level travel time spent in this place.
 D = Time resting spent in this place.
 E = Time spent auto-exploring this place.
 F = Levels seen in this place.
 G = Mean time per level.
                   A        B        C        D        E       F      G
               +--------+--------+--------+--------+--------+-----+--------+
         Total |    786 |    744 |     42 |      0 |    621 |   2 |  393.0 |
       Dungeon |    786 |    744 |     42 |      0 |    621 |   2 |  393.0 |
               +--------+--------+--------+--------+--------+-----+--------+

Top non-repeatable levels by time:
     D:1: 775 daAuts
     D:2: 10 daAuts
